 Dungeon Crawl Stone Soup version 0.29.1-15-g9cfb28693d (webtiles) character file.

Game seed: 15910549633321220446

61 Mysteryquy the Covered (level 4, -2/29 HPs)
             Began as a Gargoyle Fighter on May 2, 2023.
             Killed from afar by Robin (21 damage)
             ... with a bolt of dispelling energy
             ... on level 2 of the Dungeon.
             The game lasted 00:02:14 (1648 turns).

Mysteryquy the Covered (Gargoyle Fighter)           Turns: 1648, Time: 00:02:14

Health: -2/29      AC: 10    Str: 20    XL:     4   Next: 7%
Magic:  4/4        EV:  9    Int:  8    God:
Gold:   52         SH:  4    Dex: 11    Spells: 3/3 levels left

rFire   . . .      SeeInvis .   a - +0 flail
rCold   . . .      Faith    .   c - +0 buckler
rNeg    + . .      Spirit   .   b - +0 scale mail
rPois   ∞          Reflect  .   (no helmet)
rElec   +          Harm     .   (no cloak)
rCorr   .          Rampage  .   (no gloves)
Will    .....                   (no boots)
Stlth   ..........              (no amulet)
HPRegen 0.09/turn               (no ring)
MPRegen 0.09/turn               (no ring)

@: mighty
A: sickness immunity, AC +3, negative energy resistance 1, electricity
resistance, torment resistance 1, petrification resistance
a: no special abilities


You were on level 2 of the Dungeon.
You visited 1 branch of the dungeon, and saw 2 of its levels.

You collected 52 gold pieces.

Inventory:

Hand Weapons
 a - a +0 flail (weapon)
Missiles
 g - a throwing net (quivered)
 l - 5 curare-tipped darts
Armour
 b - a +0 scale mail (worn)
 c - a +0 buckler (worn)
Jewellery
 e - a +4 ring of slaying
Scrolls
 k - 2 scrolls of noise {unknown}
 m - a scroll of amnesia {unknown}
Potions
 f - 5 potions of heal wounds {unknown}
 h - a potion of brilliance {unknown}
 i - a potion of berserk rage {unknown}
 j - a potion of experience {unknown}
 n - a potion of flight {unknown}


   Skills:
 + Level 3.7 Fighting
 + Level 2.8 Maces & Flails
 + Level 3.9 Armour
 + Level 0.5 Dodging
 + Level 3.7 Shields


You had 3 spell levels left.
You didn't know any spells.
Your spell library was empty.

Dungeon Overview and Level Annotations

Branches:
Dungeon (2/15)

Altars:

Annotations:
D:2 Robin


Innate Abilities, Weirdness & Mutations

You are immune to sickness and miasma.
Your stone body is resilient. (AC +3)
You are immune to poison.
You resist negative energy. (rN+)
You are resistant to electric shocks. (rElec)
You are resistant to unholy torment.
You are immune to petrification.


Message History

A goblin comes into view. It is wielding a +0 dagger.
You hear a shout! x4
There are monsters nearby!
A goblin comes into view. It is wielding a +0 dagger.
The goblin shouts!
The goblin closely misses you.
Robin of the Strong Arm comes into view.
They are wielding a +0 dagger and carrying a wand of quicksilver (14).
You closely miss the goblin. The goblin closely misses you.
The goblin barely misses you.
You thump the goblin!
You kill the goblin!
A goblin comes into view. It is wielding a +0 dagger.
The goblin hits you but does no damage.
Robin zaps a wand.
The bolt of dispelling energy hits the goblin!!
The goblin dies!
The bolt of dispelling energy misses you.
The goblin hits you but does no damage.
You barely miss the goblin.
Robin roars a battlecry!
The goblins go into a battle-frenzy!
The goblin hits you with a +0 dagger.
You hear a shout! x2
Robin throws the goblin at you!
You thump the goblin!
You kill the goblin!
Robin zaps a wand.
The bolt of dispelling energy misses you.
The goblin hits you but does no damage.
A goblin comes into view. It is wielding a +0 club.
Robin zaps a wand.
The bolt of dispelling energy hits you!
Sorry, you're not good enough to have a special ability.
You feel very mighty all of a sudden.
The goblin shouts!
The goblin hits you but does no damage.
Robin zaps a wand.
The bolt of dispelling energy hits the goblin!
The goblin dies!
The bolt of dispelling energy hits you!!
Your magical effects are unravelling.
Ouch! That really hurt!
You die...

####....#########....###
+...................†...
####....#########....###
##.#.# ##.#.## #####.##
#..†## #......# #.#.#
#.###.## #...# #)# ###.#
##@# #.# #.g# #.#####
#.).## #...... #..##
####### #g# #. ~. #( ≈..
#. ≈~. ## ###~


You could see Robin and a goblin (strong).

Vanquished Creatures
  Jessica (D:2)
  5 ball pythons
  4 endoplasms (D:1)
  3 goblins
  2 hobgoblins (D:1)
  4 kobolds (D:1)
  2 quokkas
  5 bats (D:1)
  3 frilled lizards
  3 rats
32 creatures vanquished.

Vanquished Creatures (others)
  2 goblins (D:2)
2 creatures vanquished.

Grand Total: 34 creatures vanquished

Notes
Turn   | Place    | Note
-------+----------+-------------------------------------------
     0 | D:1      | Mysteryquy the Gargoyle Fighter began the quest for the
                  | Orb.
     0 | D:1      | Reached XP level 1. HP: 14/14 MP: 1/1
   325 | D:1      | Reached XP level 2. HP: 19/19 MP: 2/2
   708 | D:1      | Found a faded altar of an unknown god.
  1071 | D:1      | Reached XP level 3. HP: 23/23 MP: 3/3
  1539 | D:2      | Noticed Jessica
  1548 | D:2      | Killed Jessica
  1549 | D:2      | Reached XP level 4. HP: 23/29 MP: 4/4
  1642 | D:2      | Noticed Robin
  1648 | D:2      | Killed from afar by Robin

Illustrated notes

Levels and vault maps discovered:
D:1:      nzn_arrival_crosshair, layout_basic,
          shapermc_ecumenical_altar_mp_highgroup
D:2:      layout_loops_corners, fountainhead, uniq_natasha, uniq_robin,
          uniq_jessica

Action                   |  1- 3 |  4- 6 || total
-------------------------+-------+-------++-------
Melee: Flail             |   132 |     4 ||   136
  Use: Potion            |       |     1 ||     1
Armor: Scale mail        |   106 |     5 ||   111
Dodge: Dodged            |   112 |     5 ||   117
Block: Buckler           |    38 |       ||    38
